 Dungeon Crawl Stone Soup version 0.17-a0-1979-g1c74939 (webtiles) character file.

2487 brucemayne the Cleaver (level 9, -2/79 HPs)
             Began as a Hill Orc Berserker on Oct 5, 2015.
             Was a Priest of Trog.
             Slain by an orc warrior
             ... wielding a +0 glaive
              (12 damage)
             ... on level 10 of the Dungeon.
             The game lasted 00:12:50 (2085 turns).

brucemayne the Cleaver (Hill Orc Berserker)         Turns: 2085, Time: 00:12:50

Health: -2/79      AC: 16    Str: 23    XL:     9   Next: 52%
Magic:  9/9        EV:  7    Int:  7    God:    Trog [***...]
Gold:   271        SH:  0    Dex: 10    Spells: 0 memorised, 8 levels left

rFire  . . .     SeeInvis .     a - +0 hand axe (venom)
rCold  . . .     Clarity  .     p - +4 plate armour
rNeg   . . .     SustAt   .     (no shield)
rPois  .         Gourm    .     (no helmet)
rElec  .         Spirit   .     (no cloak)
rCorr  .         Warding  .     (no gloves)
rMut   .         Rnd*Tele +     (no boots)
MR     .....                    (no amulet)
Stlth  ..........               (no ring)
                                q - ring of teleportation (curse)

@: not resistant to hostile enchantments, extremely unstealthy
A: no striking features
a: Burn Spellbooks, Berserk, Trog's Hand, Renounce Religion, Evoke Teleportation


You were on level 10 of the Dungeon.
You worshipped Trog.
Trog was most pleased with you.
You were very hungry.

You visited 2 branches of the dungeon, and saw 12 of its levels.

You collected 271 gold pieces.

Inventory:

Hand Weapons
 a - a +0 hand axe of venom (weapon)
 i - a +1 battleaxe
Missiles
 l - 4 tomahawks (quivered)
Armour
 b - a +0 animal skin
 d - a +0 ring mail
 o - a +0 plate armour
 p - a +4 plate armour (worn)
Jewellery
 g - an uncursed ring of fire
 q - a cursed ring of teleportation (left hand)
Wands
 h - a wand of cold (5)
Scrolls
 j - 2 scrolls of teleportation
 m - 2 scrolls of enchant weapon
Potions
 e - 2 potions of might
 f - 2 potions of cure mutation
 k - 2 potions of brilliance
 n - a potion of cancellation
 r - a potion of curing {unknown}
 s - a potion of beneficial mutation {unknown}
 u - a potion of poison {unknown}
Comestibles
 c - 2 bread rations
 t - a royal jelly


   Skills:
 - Level 7.2 Fighting
 + Level 13.3 Axes
 - Level 6.0 Armour
 - Level 1.5 Dodging


You had 8 spell levels left.
You didn't know any spells.

Dungeon Overview and Level Annotations

Branches:
Dungeon (11/15)            Temple (1/1) D:7
   Lair: D:8-11         Orc: D:9-12

Altars:
Ashenzari
Cheibriados
Dithmenos
Elyvilon
Fedhas
Gozag
Kikubaaqudgha
Makhleb
Nemelex Xobeh
Okawaru
Ru
Sif Muna
Trog
Vehumet
Xom
Yredelemnul
Zin
The Shining One

Annotations:
D:4 Robin


Message History

You closely miss the orc warrior.
The orc warrior is heavily wounded.
You barely miss the orc warrior.
The orc warrior is heavily wounded.
The orc warrior hits you with a glaive.
* * * LOW HITPOINT WARNING * * *
Drink which item? (? for menu, Esc to quit)
Okay, then.
Eat which item? (? for menu, Esc to quit)
Okay, then.
Drink which item? (? for menu, Esc to quit)
Okay, then.
Evoke which item? (* to show all) (? for menu, Esc to quit)
Okay, then.
You hit the orc warrior but do no damage.
The orc warrior is heavily wounded.
You barely miss the orc warrior.
The orc warrior is severely wounded.
The orc warrior hits you with a glaive!
You die...

##########+##
#......)....#
#...........#
#...........#
.###...........#
#......o@>......#
#####.............
#######+####### ..
#. .. #z


You could see an orc warrior.

Vanquished Creatures
  Sigmund (D:2)
  A wyvern (D:10)
  A human (D:8)
  A deep elf mage (D:7)
  A hog (D:8)
  3 orc warriors
  A phantom (D:9)
  A centaur (D:10)
  An ogre (D:7)
  A water moccasin zombie (D:7)
  A scorpion (D:7)
  6 killer bees
  7 wights
  2 quasits
  2 orc priests (D:10)
  A hound (D:7)
  4 orc wizards
  4 worker ants
  An iguana (D:7)
  3 sheep (D:8)
  4 adders
  An ooze (D:4)
  An adder skeleton (D:8)
  13 orcs
  2 giant cockroaches (D:2)
  11 goblins
  6 hobgoblins
  A bat (D:2)
  3 giant geckos
  A giant gecko skeleton (D:8)
  2 giant newts
  5 kobolds
  2 quokkas (D:3)
  A quokka zombie (D:8)
96 creatures vanquished.

Notes
Turn   | Place    | Note
--------------------------------------------------------------
     0 | D:1      | brucemayne the Hill Orc Berserker began the quest for the Orb.
     0 | D:1      | Reached XP level 1. HP: 19/19 MP: 1/1
   146 | D:2      | Reached skill level 5 in Axes
   146 | D:2      | Reached XP level 2. HP: 20/26 MP: 2/2
   165 | D:2      | Noticed Sigmund
   278 | D:2      | Killed Sigmund
   278 | D:2      | Reached skill level 8 in Axes
   278 | D:2      | Reached XP level 3. HP: 24/31 MP: 3/3
   278 | D:2      | Reached XP level 4. HP: 30/39 MP: 4/4
   278 | D:2      | Reached XP level 5. HP: 34/45 MP: 5/5
   413 | D:3      | Reached XP level 6. HP: 28/51 MP: 6/6
   438 | D:3      | Acquired Trog's second power
   532 | D:5      | Entered Level 5 of the Dungeon
   581 | D:4      | Noticed Robin
   664 | D:4      | Reached skill level 9 in Axes
  1007 | D:7      | Reached skill level 10 in Axes
  1007 | D:7      | Reached XP level 7. HP: 50/57 MP: 7/7
  1070 | D:7      | Noticed a deep elf mage
  1081 | D:7      | Killed a deep elf mage
  1081 | D:7      | Reached skill level 11 in Axes
  1141 | D:7      | Reached XP level 8. HP: 53/66 MP: 8/8
  1243 | D:7      | Reached skill level 12 in Axes
  1279 | D:7      | Reached skill level 5 in Fighting
  1354 | D:7      | Found a staircase to the Ecumenical Temple.
  1367 | Temple   | Entered the Ecumenical Temple
  1623 | D:8      | Reached skill level 5 in Armour
  1623 | D:8      | Reached XP level 9. HP: 50/78 MP: 9/9
  1825 | D:10     | Entered Level 10 of the Dungeon
  1946 | D:10     | Reached skill level 13 in Axes
  2085 | D:10     | Slain by an orc warrior

Vault maps used:
D:1:      dpeg_arrival_connections
D:2:      mrwooster_statue_mirror, minmay_quantized, uniq_sigmund, uniq_iyjb
D:4:      enter_ossuary_2, first_bread, led_sif_pool, uniq_robin
D:5:      kennysheep_kobold_camp, overflow_temple_1_default, serial_shops,
          nicolae_shop_window_shopping, kennysheep_minor_cross
D:6:      kb_xom_exploding_sheep
D:7:      minmay_temple_entry_hall
D:8:      lair_0_dummy, grunt_livestock
D:9:      serial_shops, nicolae_shop_stone
D:10:     orc_david_3, hangedman_abyss_or_decor_stagger
D:11:     st_stairs_1, kennysheep_generic_room_13, uniq_urug, uniq_sonja
Temple:   grunt_circular_temple_18

Action                   |  1- 3 |  4- 6 |  7- 9 || total
-------------------------+-------+-------+-------++-------
Melee: Hand axe          |    35 |   123 |   274 ||   432
Invok: Berserk           |     1 |     4 |     5 ||    10
       Trog's Hand       |       |     1 |     3 ||     4
  Use: Scroll            |       |     5 |     8 ||    13
       Potion            |       |       |     1 ||     1
  Eat: Chunk             |       |     3 |     8 ||    11
       Beef jerky        |       |     1 |     1 ||     2
